 Dungeon Crawl Stone Soup version 0.26-a0-651-gb41185065b (webtiles) character file.

Game seed: 2724199297034638292

17 Lanoc the Covered (level 2, -2/20 HPs)
             Began as a Halfling Fighter on Oct 18, 2020.
             Slain by a hobgoblin
             ... wielding a +0 club
              (5 damage)
             ... on level 2 of the Dungeon.
             The game lasted 00:01:01 (396 turns).

Lanoc the Covered (Halfling Fighter)                 Turns: 396, Time: 00:01:02

Health: -2/20      AC:  6    Str: 17    XL:     2   Next: 80%
Magic:  2/2        EV:  9    Int:  6    God:
Gold:   33         SH:  9    Dex: 13    Spells: 1/1 levels left

rFire    . . .     SeeInvis .   a - +0 rapier
rCold    . . .     Faith    .   c - +0 kite shield
rNeg     . . .     Spirit   .   b - +0 scale mail
rPois    .         Reflect  .   (no helmet)
rElec    .         Harm     .   (no cloak)
rCorr    .         Rampage  .   (no gloves)
MR       .....                  (no boots)
Stlth    ..........             (no amulet)
HPRegen  0.06/turn              (no ring)
MPRegen  0.08/turn              (no ring)

@: lethally poisoned (-2 -> -6)
A: small, mutation resistance 1
a: no special abilities


You were on level 2 of the Dungeon.
You visited 1 branch of the dungeon, and saw 2 of its levels.

You collected 33 gold pieces.

Inventory:

Hand Weapons
 a - a +0 rapier (weapon)
Missiles
 f - 57 stones (quivered)
Armour
 b - a +0 scale mail (worn)
 c - a +0 kite shield (worn)
Jewellery
 h - an uncursed amulet of faith {unknown}
Scrolls
 e - a scroll of identify {unknown}
Potions
 d - 2 potions of might
 g - a potion of mutation {unknown}
 i - a potion of magic {unknown}


   Skills:
 + Level 2.9 Fighting
 - Level 2.5 Short Blades
 + Level 3.5 Armour
 + Level 1.1 Dodging
 + Level 3.3 Shields


You had one spell level left.
You didn't know any spells.
Your spell library was empty.

Dungeon Overview and Level Annotations

Branches:
Dungeon (2/15)

Altars:


Innate Abilities, Weirdness & Mutations

You are small and have problems with some larger weapons.
You are somewhat resistant to further mutation.


Message History

You barely miss the adder.
The adder is moderately wounded.
The adder bites you but does no damage. The rat closely misses you.
You block the adder's attack. The hobgoblin hits you with a +0 club.
Your scale mail prevents you from hitting the adder.
The adder is moderately wounded.
The adder bites you but does no damage. You block the rat's attack.
The hobgoblin hits you with a +0 club.
* * * LOW HITPOINT WARNING * * *
The adder barely misses you.
You barely miss the adder.
The adder is moderately wounded.
You feel sick. The rat barely misses you. The adder misses you.
The hobgoblin hits you with a +0 club.
* * * LOW HITPOINT WARNING * * *
The rat barely misses you.
You barely miss the adder.
The adder is moderately wounded.
You block the adder's attack. The hobgoblin hits you with a +0 club.
You die...

#............
####.♣...♣......
#................
#.......♣........
#.....=..........
#........?.......
#................
#..>.............
#.......@........
......grS.......
................
.......#########
....... .......
....... .......


You could see an adder, a hobgoblin and a rat.

Vanquished Creatures
  A worm (D:1)
  A dart slug (D:1)
  A leopard gecko (D:1)
  A goblin (D:1)
  2 hobgoblins (D:1)
  A quokka (D:1)
  A ball python (D:2)
  A bat (D:1)
  A frilled lizard (D:1)
  A kobold (D:1)
  A rat (D:1)
12 creatures vanquished.

Notes
Turn   | Place    | Note
-------+----------+-------------------------------------------
     0 | D:1      | Lanoc the Halfling Fighter began the quest for the Orb.
     0 | D:1      | Reached XP level 1. HP: 15/15 MP: 1/1
   158 | D:1      | Reached XP level 2. HP: 18/20 MP: 2/2
   311 | D:1      | Reached skill level 1 in Dodging
   396 | D:2      | Slain by a hobgoblin

Illustrated notes

Levels and vault maps discovered:
D:1:      nzn_arrival_crosshair, layout_loops_ring, minmay_hexomino_c4
D:2:      layout_basic, grunt_ministairs_2, minmay_misc_feat_four_crosses,
          minmay_distorted

Skill      XL: |  1  2 |
---------------+-------+-----
Dodging        | 1 |  1.1
Fighting       | |  2.9
Short Blades   | |  2.5
Armour         | |  3.5
Shields        | |  3.3

Action                   || total
-------------------------++-------
Melee: Rapier            ||    67
Armor: Scale mail        ||    27
Dodge: Dodged            ||    30
Block: Kite shield       ||    41

Table legend: (Time is in decaauts)
 A = Elapsed time spent in this place.
 B = Non-inter-level travel time spent in this place.
 C = Inter-level travel time spent in this place.
 D = Time resting spent in this place.
 E = Time spent auto-exploring this place.
 F = Levels seen in this place.
 G = Mean time per level.
                   A        B        C        D        E       F      G
               +--------+--------+--------+--------+--------+-----+--------+
         Total |    406 |    406 |      0 |      0 |    259 |   2 |  203.0 |
       Dungeon |    406 |    406 |      0 |      0 |    259 |   2 |  203.0 |
               +--------+--------+--------+--------+--------+-----+--------+

Top non-repeatable levels by time:
     D:1: 335 daAuts
     D:2: 70 daAuts
